 Dungeon Crawl Stone Soup version 0.26.1-11-gd32895ea62 (webtiles) character file.

Game seed: 16382736334690181125

2821 MajorAdolf the Quickloader (level 9, -12/78 HPs)
             Began as a Naga Wanderer on July 23, 2021.
             Mangled by a yak (14 damage)
             ... on level 7 of the Dungeon.
             The game lasted 00:12:00 (10001 turns).

MajorAdolf the Quickloader (Naga Wanderer)         Turns: 10001, Time: 00:12:00

Health: -12/78     AC:  6    Str: 21    XL:     9   Next: 73%
Magic:  9/9        EV:  9    Int: 21    God:
Gold:   329        SH:  5    Dex: 14    Spells: 8/8 levels left

rFire    . . .     SeeInvis +   N - +9 war axe "Jellyslayer" {vorpal, rElec rPois rN+ Str+3}
rCold    . . .     Faith    .   M - +0 buckler
rNeg     + . .     Spirit   .   L - +0 troll leather armour
rPois    +         Reflect  .   m - +0 helmet
rElec    +         Harm     .   (no cloak)
rCorr    .         Rampage  .   (no gloves)
Will     +....                  (no barding)
Stlth    ++........             C - amulet of regeneration
HPRegen  1.03/turn              s - +6 ring of dexterity
MPRegen  0.11/turn              A - +6 ring of intelligence

@: very slow
A: large, see invisible, deformed body, poison resistance, slowness 2, spit
poison 1, AC +3
a: Spit Poison


You were on level 7 of the Dungeon.
You visited 1 branch of the dungeon, and saw 7 of its levels.

You collected 329 gold pieces.

Inventory:

Hand Weapons
 a - a +2 hand crossbow
 u - a +2 dagger of venom
 N - the +9 war axe "Jellyslayer" (weapon) {vorpal, rElec rPois rN+ Str+3}
   (You found it on level 6 of the Dungeon)

   It inflicts extra damage upon your enemies.
   It affects your strength (+3).
   It insulates you from electricity.
   It protects you from poison.
   It protects you from negative energy.
Missiles
 b - 58 bolts
Armour
 m - a +0 helmet (worn)
 L - a +0 troll leather armour (worn)
 M - a +0 buckler (worn)
Jewellery
 o - an uncursed amulet of faith
 s - a +6 ring of dexterity (left hand)
 A - a +6 ring of intelligence (right hand)
 C - an amulet of regeneration (around neck)
 E - an uncursed ring of attention
 F - a +6 ring of dexterity
 H - an uncursed ring of protection from cold {unknown}
 P - a cursed amulet of inaccuracy {unknown}
Wands
 y - a wand of disintegration (6)
 D - a wand of polymorph (11)
 I - a wand of paralysis (3)
Scrolls
 c - 2 scrolls of teleportation
 d - a scroll of acquirement {unknown}
 g - 8 scrolls of remove curse
 i - 3 scrolls of blinking {unknown}
 j - a scroll of random uselessness {unknown}
 l - 3 scrolls of fog {unknown}
 n - 3 scrolls of magic mapping {unknown}
 p - 7 scrolls of identify
 q - 2 scrolls of enchant weapon {unknown}
 r - 4 scrolls of enchant armour {unknown}
 t - a scroll of noise {unknown}
 J - a scroll of fear {unknown}
 K - 3 scrolls of amnesia {unknown}
Potions
 e - 3 potions of heal wounds {unknown}
 f - 3 potions of haste {unknown}
 h - 4 potions of curing
 k - a potion of magic {unknown}
 v - a potion of ambrosia {unknown}
 w - 2 potions of mutation {unknown}
 x - a potion of attraction {unknown}
 z - 4 potions of flight {unknown}
 B - a potion of invisibility {unknown}
 G - a potion of resistance {unknown}
 O - a potion of might {unknown}


   Skills:
 - Level 4.2 Fighting
 + Level 3.1 Axes
 - Level 10.0 Crossbows
 - Level 1.0 Throwing
 - Level 2.4 Armour
 - Level 1.5 Stealth
 + Level 5.1 Shields


You had 8 spell levels left.
You didn't know any spells.
Your spell library was empty.

Dungeon Overview and Level Annotations

Branches:
Dungeon (7/15)             Temple (0/1) D:7

Altars:
Gozag
Zin
The Shining One

Shops:
D:4 ?   D:7 =

Annotations:
D:4 1 runed translucent door, YannSP's ghost, amateur OpEE


Innate Abilities, Weirdness & Mutations

You cannot wear boots.
Your serpentine skin is tough. (AC +3)
You have supernaturally acute eyesight. (SInv)
Armour fits poorly on your strangely shaped body.
Your system is resistant to poisons. (rPois)
You cover ground very slowly.
You can spit poison.


Message History

You barely miss the yak.
The yak is moderately wounded.
You closely miss the yak. The yak barely misses you. The yak gores you!
* * * LOW HITPOINT WARNING * * *
The yak closely misses you.
Unknown command.
You barely miss the yak.
The yak is moderately wounded.
You barely miss the yak.
The yak bellows!
The yak gores you.
* * * LOW HITPOINT WARNING * * *
The yak gores you.
* * * LOW HITPOINT WARNING * * *
You slash the yak!
The yak is heavily wounded.
You hit the yak but do no damage. The yak gores you!
* * * LOW HITPOINT WARNING * * *
The yak gores you!
You die...

#..##..##..........
#..##..#.......####
#(..#..#.......#...
#...#..#.......#...
#...#..#.......+...
#...#..#.......#...
#...#..#.......####
#...#..#...........
#Y@##..#...........
#Y###..#...........
#......#...........
#......#...........
#......#.....Y.....
#..##..#.....Y.####
#..♣#.Y####'####...
#...#Y.........#...
#.♣∩♣....Y.....#...


You could see 2 yaks.

Vanquished Creatures
  Prince Ribbit (D:7)
  Sigmund (D:3)
  2 yaks (D:7)
  Duvessa (D:7)
  An ice beast (D:6)
  A sky beast (D:7)
  2 ogres
  2 centaurs (D:7)
  A bullfrog (D:5)
  Dowan (D:7)
  A wyvern zombie (D:6)
  9 wights
  A bullfrog zombie (D:6)
  A centaur zombie (D:6)
  A quasit (D:6)
  4 bullfrog skeletons
  A hound (D:7)
  2 orc priests (D:7)
  A jelly (D:6)
  An orc wizard (D:7)
  Natasha (thrice) (D:4)
  An iguana (D:7)
  4 worker ants
  5 hound zombies
  A hound skeleton (D:6)
  Robin (D:2)
  2 worker ant zombies (D:6)
  12 adders
  7 gnolls
  A howler monkey skeleton (D:6)
  A white imp (D:6)
  2 ufetubi
  3 adder zombies
  2 worms
  2 dart slugs
  3 leopard geckos
  16 orcs
  A ball python (D:2)
  5 giant cockroaches
  21 goblins
  12 hobgoblins
  9 jackals
  10 kobolds
  4 quokkas
  A ball python skeleton (D:4)
  7 bats
  4 frilled lizards
  2 jackal skeletons
  A quokka skeleton (D:6)
  A quokka zombie (D:6)
  8 rats
187 creatures vanquished.

Vanquished Creatures (others)
  4 withered plants
4 creatures vanquished.

Grand Total: 191 creatures vanquished

Notes
Turn   | Place    | Note
-------+----------+-------------------------------------------
     0 | D:1      | MajorAdolf the Naga Wanderer began the quest for the Orb.
     0 | D:1      | MajorAdolf set off with the following items: a +2 hand
                  | crossbow, 23 bolts, 2 scrolls of teleportation, a +0 robe
     0 | D:1      | Reached XP level 1. HP: 22/22 MP: 1/1
   234 | D:1      | Reached XP level 2. HP: 30/30 MP: 2/2
   510 | D:1      | Reached skill level 2 in Crossbows
   961 | D:1      | Reached XP level 3. HP: 34/36 MP: 3/3
  1456 | D:2      | Reached skill level 3 in Crossbows
  1604 | D:2      | Noticed Robin
  1610 | D:2      | Killed Robin
  1611 | D:2      | Reached XP level 4. HP: 41/44 MP: 4/4
  1785 | D:2      | Found a glowing silver altar of Zin.
  2404 | D:3      | Reached skill level 4 in Crossbows
  2409 | D:3      | Reached XP level 5. HP: 20/50 MP: 5/5
  2644 | D:3      | Noticed Sigmund
  2650 | D:3      | Killed Sigmund
  2651 | D:3      | Reached skill level 5 in Crossbows
  2651 | D:3      | Reached XP level 6. HP: 57/57 MP: 6/6
  4338 | D:3      | Reached skill level 6 in Crossbows
  4632 | D:4      | Reached XP level 7. HP: 63/64 MP: 7/7
  5030 | D:4      | Found Ydufytsah's Magic Scroll Shoppe.
  5039 | D:4      | Noticed Natasha
  5045 | D:4      | Killed Natasha
  5067 | D:4      | Noticed Natasha
  5070 | D:4      | Killed Natasha
  5304 | D:4      | Found a runed translucent door.
  5305 | D:4      | Noticed YannSP's ghost (amateur OpEE)
  5323 | D:4      | Noticed Natasha
  5674 | D:4      | Killed Natasha
  5759 | D:4      | Reached skill level 7 in Crossbows
  6171 | D:5      | Entered Level 5 of the Dungeon
  6301 | D:5      | Reached skill level 8 in Crossbows
  6301 | D:5      | Reached XP level 8. HP: 72/72 MP: 8/8
  7090 | D:5      | Found a glowing golden altar of the Shining One.
  7857 | D:6      | Reached skill level 9 in Crossbows
  8038 | D:6      | Found an opulent altar of Gozag.
  8189 | D:6      | Got a twisted war axe
  8201 | D:6      | Identified the +9 war axe "Jellyslayer" {vorpal, rElec
                  | rPois rN+ Str+3} (You found it on level 6 of the Dungeon)
  8539 | D:6      | Reached skill level 1 in Shields
  8666 | D:7      | Reached XP level 9. HP: 71/78 MP: 9/9
  8684 | D:7      | Noticed Duvessa
  8684 | D:7      | Noticed Dowan
  8689 | D:7      | Killed Duvessa
  8690 | D:7      | Reached skill level 10 in Crossbows
  8712 | D:7      | Killed Dowan
  9184 | D:7      | Reached skill level 1 in Axes
  9424 | D:7      | Found a staircase to the Ecumenical Temple.
  9449 | D:7      | Noticed Prince Ribbit
  9497 | D:7      | Killed Prince Ribbit
  9662 | D:7      | Found Qeozagib's Jewellery Shoppe.
  9971 | D:7      | Reached skill level 5 in Shields
 10001 | D:7      | HP: 2/78 [yak (15)]
 10001 | D:7      | Mangled by a yak

Illustrated notes

Levels and vault maps discovered:
D:1:      scummos_arrival_gate, layout_loops_ring
D:2:      layout_rooms, zin_academy, uniq_robin
D:3:      layout_basic, minmay_circle_x, uniq_sigmund
D:4:      layout_layer_cave, serial_shops, shop, gammafunk_ghost_grave,
          uniq_natasha
D:5:      layout_loops_ring, tso_altar
D:6:      minmay_skewed_foursquare, layout_rooms, serial_undead,
          serial_undead_e, serial_undead_e, serial_undead_e, serial_undead_c,
          serial_undead_c, serial_undead_c, basic_altar
D:7:      layout_gridville, minmay_temple_entry_proselytizer, serial_shops,
          nicolae_shop_trees, uniq_pikel, uniq_menkaure, uniq_duvessa,
          uniq_prince_ribbit1

Skill      XL: |  1  2  3  4  5  6  7  8  9 |
---------------+----------------------------+-----
Crossbows      | 2 3 4 5 6 8 9 10 | 10.0
Shields        | 2 5 |  5.1
Axes           | 3 |  3.1
Fighting       | |  4.2
Throwing       | |  1.0
Armour         | |  2.4
Stealth        | |  1.5

Action                   |  1- 3 |  4- 6 |  7- 9 || total
-------------------------+-------+-------+-------++-------
Melee: Dagger            |       |   112 |   179 ||   291
       Unarmed           |       |       |     1 ||     1
       War axe           |       |       |   124 ||   124
 Fire: Hand crossbow     |    89 |    58 |   102 ||   249
 Abil: Spit Poison       |       |     1 |     1 ||     2
Evoke: Wand              |       |       |     3 ||     3
  Use: Scroll            |       |       |     7 ||     7
 Stab: Sleeping          |       |     4 |       ||     4
Armor: Robe              |     6 |    38 |    39 ||    83
       Troll leather arm |       |       |    94 ||    94
Dodge: Dodged            |    15 |    69 |   176 ||   260
Block: Buckler           |       |       |    30 ||    30
